 Dungeon Crawl Stone Soup version 0.31-a0-237-g2d982f9f85 (webtiles) character file.

Game seed: 10909792558882199503

912 qw the Shooter (level 8, -1/48 HPs)
             Began as a Gargoyle Hexslinger on July 11, 2023.
             Slain by Duvessa
             ... wielding a +0 short sword
              (12 damage)
             ... on level 4 of the Dungeon.
             The game lasted 00:01:39 (3411 turns).

qw the Shooter (Gargoyle Hexslinger)                Turns: 3411, Time: 00:01:40

Health: -1/48      AC: 19    Str: 12    XL:     8   Next: 9%
Magic:  9/9        EV: 10    Int: 14    God:
Gold:   256        SH:  0    Dex: 14    Spells: 8/9 levels left

rFire   . . .        Y - +4 sling
rCold   . . .        (no shield)
rNeg    + . .        b - +0 ring mail
rPois   inf          (no helmet)
rElec   +            h - +1 cloak
rCorr   .            g - +1 pair of gloves
SInv    .            (no boots)
Will    .....        (no amulet)
Stlth   +            j - +4 ring of protection
HPRegen 0.28/turn    (no ring)
MPRegen 0.11/turn

%: no passive effects
@: no status effects
A: sickness immunity, AC +5, negative energy resistance 1, electricity
resistance, torment resistance 1, petrification resistance
a: no special abilities


You were on level 4 of the Dungeon.
You visited 1 branch of the dungeon, and saw 4 of its levels.
You also visited: Sewer.

You collected 256 gold pieces.


Innate Abilities, Weirdness & Mutations

You are immune to sickness and miasma.
Your stone body is resilient. (AC +5)
You are immune to poison.
You resist negative energy. (rN+)
You are resistant to electric shocks. (rElec)
You are resistant to unholy torment.
You are immune to petrification.


   Skills:
 - Level 4.0 Fighting
 + Level 7.5 Ranged Weapons
 - Level 3.7 Armour
 - Level 1.5 Dodging
 - Level 1.0 Spellcasting
 - Level 2.6 Hexes


You had 8 spell levels left.
You knew the following spells:

 Your Spells              Type           Power      Damage    Failure   Level
a - Slow                  Hex            32%        N/A       19%         1

Your spell library contained the following spells:

 Spells                   Type           Power      Damage    Failure   Level
 Inner Flame              Hex/Fire       4%         N/A       67%         3
 Portal Projectile        Hex/Tloc       8%         N/A       67%         3
 Cause Fear               Hex            4%         N/A       88%         4

Inventory:

Hand Weapons
 Y - a +4 sling (weapon)
Armour
 b - a +0 ring mail (worn)
 g - a +1 pair of gloves (worn)
 h - a +1 cloak (worn)
Jewellery
 j - a +4 ring of protection (left hand)
Scrolls
 d - 3 scrolls of identify
Potions
 a - a potion of curing {unknown}
 c - a potion of invisibility {unknown}
 e - a potion of lignification {unknown}
 f - a potion of haste
 i - a potion of might {unknown}
 k - a potion of brilliance {unknown}
 m - a potion of resistance {unknown}

Dungeon Overview and Level Annotations

Branches:
Dungeon (4/15)              Sewer (visited)
 Temple: D:4-7

Altars:

Annotations:
D:4 Duvessa


Message History

Duvessa is lightly wounded.
Duvessa hits you but does no damage. x2
You shoot a sling bullet. The sling bullet barely misses Duvessa.
Duvessa hits you but does no damage.
You shoot a sling bullet.
The sling bullet completely misses Duvessa.
Duvessa hits you but does no damage. Duvessa hits you with a +0 short sword!
You shoot a sling bullet.
The sling bullet hits Duvessa but does no damage.
Duvessa is lightly wounded.
Duvessa hits you but does no damage. Duvessa closely misses you.
You shoot a sling bullet. The sling bullet hits Duvessa.
Duvessa is lightly wounded.
Duvessa hits you with a +0 short sword.
You shoot a sling bullet. The sling bullet hits Duvessa.
Duvessa is moderately wounded.
Duvessa hits you with a +0 short sword. Duvessa hits you but does no damage.
You shoot a sling bullet. The sling bullet hits Duvessa.
Duvessa is moderately wounded.
Duvessa misses you. Duvessa barely misses you.
You shoot a sling bullet.
The sling bullet hits Duvessa but does no damage.
Duvessa is moderately wounded.
Duvessa hits you but does no damage. x2
You shoot a sling bullet.
The sling bullet hits Duvessa but does no damage.
Duvessa is moderately wounded.
Duvessa hits you with a +0 short sword. Duvessa closely misses you.
You shoot a sling bullet.
The sling bullet hits Duvessa but does no damage.
Duvessa is moderately wounded.
Duvessa hits you but does no damage.
You shoot a sling bullet. The sling bullet hits Duvessa!
Duvessa is heavily wounded.
Duvessa hits you with a +0 short sword! x2
You shoot a sling bullet.
The sling bullet hits Duvessa but does no damage.
Duvessa is heavily wounded.
Duvessa hits you with a +0 short sword!
You die...

######...# #.#..#
.......>## #....#
######.###########.##
#............#.#
#..#########.#.# #..#
#.#.# #..# #.#.# #..#
#.#####)#.# #..#
..<...e@#.#
#..###########.#
#####.........)....#
......##############
#######


You could see Duvessa (berserk).

Vanquished Creatures
  Grinder (D:4)
  Eustachio (D:4)
  2 water moccasins
  An ogre (D:4)
  Dowan (D:4)
  A jelly (D:4)
  2 iguanas (D:4)
  4 adders (D:4)
  4 worms
  4 dart slugs
  12 bats
  14 endoplasms
  6 giant cockroaches
  11 goblins
  6 hobgoblins
  14 jackals
  2 kobolds
  4 quokkas
  8 ball pythons
  8 frilled lizards (D:2)
  7 rats
113 creatures vanquished.

Notes
Turn   | Place    | Note
-------+----------+-------------------------------------------
     0 | D:1      | qw the Gargoyle Hexslinger began the quest for the Orb.
     0 | D:1      | Reached XP level 1. HP: 12/12 MP: 2/2
     0 | D:1      | 0 ||| qw: Version: 0.3-a-52-g30416fa
     0 | D:1      | 0 ||| qw: Game counter: 5630
     0 | D:1      | 0 ||| qw: Melee chars always use a shield: true
     0 | D:1      | 0 ||| qw: God list: Okawaru
     0 | D:1      | 0 ||| qw: Allow faded altars: false
     0 | D:1      | 0 ||| qw: Do Orc after clearing Dungeon:15 true
     0 | D:1      | 0 ||| qw: Do second Lair branch before Depths: true
     0 | D:1      | 0 ||| qw: Lair rune preference: random
     0 | D:1      | 0 ||| qw: Goals: Normal
     0 | D:1      | 0 ||| PLANNING D:1-11
    46 | D:1      | HP: 3/12 [jackal (3)]
    51 | D:1      | Reached XP level 2. HP: 4/16 MP: 3/3
   125 | D:1      | Reached skill level 3 in Ranged Weapons
   262 | D:1      | Reached XP level 3. HP: 21/21 MP: 4/4
   447 | D:1      | Found a faded altar of an unknown god.
   714 | D:1      | 714 ||| UPGRADING to +0 pair of gloves.
   719 | D:1      | 719 ||| UPGRADING to +1 cloak.
   724 | D:1      | 724 ||| UPGRADING to +4 ring of protection.
   725 | D:1      | 725 ||| READING scroll labelled TUZOSH KOREL.
   728 | D:1      | 728 ||| READING 2 scrolls labelled XOBRULO GUOPH.
   729 | D:1      | 729 ||| READING 2 scrolls labelled EBLO CONEHEI.
   730 | D:1      | 730 ||| READING scroll of enchant weapon.
   730 | D:1      | 730 ||| ENCHANTING +2 sling.
   731 | D:1      | 731 ||| READING scroll labelled GAJ WECVOXAKK.
   732 | D:1      | 732 ||| DROPPING scroll of poison.
   733 | D:1      | 733 ||| DROPPING scroll of amnesia.
   968 | D:2      | Reached XP level 4. HP: 26/26 MP: 5/5
  1050 | D:2      | Reached skill level 4 in Ranged Weapons
  1106 | D:2      | 1106 ||| READING scroll of enchant armour.
  1106 | D:2      | 1106 ||| ENCHANTING +0 pair of gloves.
  1360 | D:2      | 1360 ||| FLEEEEING.
  1472 | D:2      | 1472 ||| UPGRADING to +0 ring mail.
  1482 | D:2      | 1482 ||| DROPPING +0 robe.
  1483 | D:2      | 1483 ||| READING scroll labelled KUYSA BUCOEPHU.
  1484 | D:2      | 1484 ||| READING 3 scrolls labelled JUGIHIG GEANA.
  1485 | D:2      | 1485 ||| READING 2 scrolls of identify.
  1485 | D:2      | 1485 ||| IDENTIFYING golden potion
  1705 | D:3      | Reached skill level 1 in Armour
  2111 | D:3      | 2111 ||| READING scroll labelled XOENAOCACHIFF.
  2112 | D:3      | 2112 ||| READING scroll labelled NIXKUCIATZ.
  2113 | D:3      | 2113 ||| READING 2 scrolls of identify.
  2113 | D:3      | 2113 ||| IDENTIFYING glowing black potion
  2144 | D:4      | 2144 ||| PLANNING SEWER
  2182 | D:4      | Reached XP level 5. HP: 29/30 MP: 6/6
  2198 | D:4      | Noticed a water moccasin
  2231 | D:4      | HP: 4/30 [water moccasin (5)]
  2232 | D:4      | 2232 ||| READING scroll of teleportation.
  2233 | D:4      | 2233 ||| DRINKING potion of heal wounds.
  2234 | D:4      | Killed a water moccasin
  2235 | D:4      | Reached skill level 5 in Ranged Weapons
  2235 | D:4      | Reached XP level 6. HP: 31/35 MP: 7/7
  2333 | D:4      | 2333 ||| READING scroll of enchant weapon.
  2333 | D:4      | 2333 ||| ENCHANTING +3 sling.
  2474 | D:4      | Noticed Eustachio
  2477 | D:4      | 2477 ||| Stepping ~*~*~tactically~*~*~ (outnumbered).
  2492 | D:4      | 2492 ||| Stepping ~*~*~tactically~*~*~ (outnumbered).
  2516 | D:4      | Killed Eustachio
  2615 | D:4      | Found a glowing drain.
  2623 | D:4      | 2623 ||| Stepping ~*~*~tactically~*~*~ (water).
  2626 | Sewer    | Entered a sewer
  2654 | Sewer    | Noticed a water moccasin
  2674 | Sewer    | Killed a water moccasin
  2675 | Sewer    | Reached skill level 6 in Ranged Weapons
  2675 | Sewer    | Reached XP level 7. HP: 33/43 MP: 8/8
  2743 | Sewer    | 2743 ||| READING scroll labelled DEEPTOFETS.
  2752 | D:4      | 2752 ||| PLANNING D:1-11
  2753 | D:4      | 2753 ||| Stepping ~*~*~tactically~*~*~ (water).
  2755 | D:4      | 2755 ||| Stepping ~*~*~tactically~*~*~ (water).
  2870 | D:4      | Noticed Grinder
  2877 | D:4      | HP: 5/43 [Grinder (6)]
  2878 | D:4      | 2878 ||| DRINKING potion of heal wounds.
  2878 | D:4      | Paralysed by Grinder for 3 turns
  2882 | D:4      | HP: 10/43 [ogre/+0 giant club (10)]
  2884 | D:4      | Reached skill level 7 in Ranged Weapons
  2886 | D:4      | Paralysed by Grinder for 5 turns
  2888 | D:4      | HP: 8/43 [Grinder (4)]
  2895 | D:4      | Killed Grinder
  2896 | D:4      | Reached skill level 3 in Armour
  3152 | D:4      | Reached XP level 8. HP: 48/48 MP: 9/9
  3391 | D:4      | Noticed Dowan
  3392 | D:4      | Noticed Duvessa
  3398 | D:4      | Killed Dowan
  3410 | D:4      | HP: 11/48 [Duvessa/+0 short sword (9)]
  3411 | D:4      | Slain by Duvessa

Levels and vault maps discovered:
D:1:      wheals_arrival_shading, layout_basic,
          shapermc_ecumenical_altar_starsandcircs,
          chequers_serial_rivers_large_a, hex_medium
D:2:      layout_loops_ring, minmay_misc_feat_doors, minmay_lizard_king
D:3:      layout_loops_cross
D:4:      layout_basic, cheibrodos_sewer_entry_drain, serial_corexii_hall,
          chequers_hall_statues_corner_a, chequers_hall_statues_wall_a,
          uniq_grinder, uniq_duvessa, uniq_eustachio

Skill      XL: |  1  2  3  4  5  6  7 |
---------------+----------------------+-----
Ranged Weapons | 3 4 5 6 7 |  7.5
Fighting       | 2 4 |  4.0
Armour         | 1 3 |  3.7
Dodging        | |  1.5
Spellcasting   | |  1.0
Hexes          | |  2.6

Action                     |  1- 3 |  4- 6 |  7- 9 || total
---------------------------+-------+-------+-------++-------
   Fire: Sling             |   140 |   219 |    72 ||   431
    Use: Scroll            |     5 |     9 |     1 ||    15
         Potion            |       |     1 |     1 ||     2
 Armour: Robe              |    34 |     4 |       ||    38
         Ring mail         |       |    97 |    18 ||   115
  Dodge: Dodged            |    45 |    98 |    19 ||   162

Table legend:
 A = Non-vault XP
 B = Vault XP
 C = Vault XP percentage of total XP
 D = Non-vault monster count
 E = Vault monster count
 F = Vault count percentage of total count
                 A         B        C        D         E       F
            +---------+---------+-------+---------+---------+-------
      Total |     599 |     704 |  54.0 |      93 |      20 |  17.7
            +---------+---------+-------+---------+---------+-------
        D:1 |      63 |       0 |   0.0 |      33 |       0 |   0.0
        D:2 |      42 |       7 |  14.3 |      21 |       7 |  25.0
        D:3 |      38 |       0 |   0.0 |      17 |       0 |   0.0
        D:4 |     456 |     537 |  54.1 |      22 |       6 |  21.4
      Sewer |       0 |     160 | 100.0 |       0 |       7 | 100.0
            +---------+---------+-------+---------+---------+-------
